 Dungeon Crawl Stone Soup version 0.23.0-2-g0fe3ce5905 (webtiles) character file.

Game seed: 11037142595233708626

16475 Ivernyr the Destroyer (level 12, -4/88 HPs)
             Began as a Naga Wizard on Feb 19, 2019.
             Was a High Priest of Cheibriados.
             Slain by a swamp worm (6 damage)
             ... on level 4 of the Lair of Beasts.
             The game lasted 02:03:46 (17946 turns).

Ivernyr the Destroyer (Naga Wizard)                Turns: 17946, Time: 02:03:47

Health: -4/88      AC:  8    Str: 28    XL:     12   Next: 37%
Magic:  24/24      EV: 15    Int: 39    God:    Cheibriados [*****.]
Gold:   493        SH:  6    Dex: 23    Spells: 19/28 levels left

rFire    + + +     SeeInvis +   y - +1 long sword of Inquiry {freeze, -Tele +Fly rF+ rC++}
rCold    + + .     Gourm    .   u - +0 buckler
rNeg     . . .     Faith    .   p - +2 robe {rF+}
rPois    +         Spirit   .   E - +1 hat
rElec    .         Reflect  .   (no cloak)
rCorr    .         Harm     .   (no gloves)
MR       +....     NoTele   +   (no barding)
Stlth    +++.......             K - amulet of regeneration
HPRegen  0.64/turn              g - +5 ring of strength
MPRegen  0.19/turn              v - ring of protection from fire

@: very slow
A: large, see invisible, deformed body, poison resistance, slowness 2, slow
metabolism 1, spit poison 1, AC +4
a: Spit Poison, Bend Time, Temporal Distortion, Slouch, Step From Time, Renounce
Religion, Evoke Flight


You were on level 4 of the Lair of Beasts.
You worshipped Cheibriados.
Cheibriados was extremely pleased with you.
You were not hungry.

You visited 2 branches of the dungeon, and saw 13 of its levels.

You collected 663 gold pieces.
You spent 170 gold pieces at shops.

Inventory:

Hand Weapons
 a - a +3 scimitar of flaming
 y - the +1 long sword of Inquiry (weapon) {freeze, -Tele +Fly rF+ rC++}
   (You bought it in a shop on level 5 of the Dungeon)

   It has been specially enchanted to freeze those struck by it, causing extra
   injury to most foes and up to half again as much damage against particularly
   susceptible opponents.
   It can also slow down cold-blooded creatures.
   It protects you from fire.
   It greatly protects you from cold.
   It lets you fly.
   It prevents most forms of teleportation.
Armour
 p - a +2 robe of fire resistance (worn)
 u - a +0 buckler (worn)
 E - a +1 hat (worn)
Jewellery
 g - a +5 ring of strength (left hand)
 v - a ring of protection from fire (right hand)
 K - an amulet of regeneration (around neck)
Wands
 B - a wand of flame (35)
 C - a wand of digging (4)
 I - a wand of disintegration (15)
Scrolls
 c - a scroll of blinking
 e - 7 scrolls of remove curse
 h - a scroll of fear {unknown}
 j - 2 scrolls of enchant weapon {unknown}
 m - 5 scrolls of amnesia
 o - a scroll of magic mapping {unknown}
 q - 2 scrolls of fog
 w - 4 scrolls of identify
 A - a scroll of immolation {unknown}
 D - 2 scrolls of noise {unknown}
 F - a scroll of teleportation
 G - a scroll of random uselessness {unknown}
 H - a scroll of silence {unknown}
 J - a scroll of enchant armour {unknown}
Potions
 b - 2 potions of lignification {unknown}
 f - 3 potions of heal wounds
 i - 6 potions of curing
 k - 3 potions of berserk rage {unknown}
 l - a potion of agility {unknown}
 n - a potion of degeneration {unknown}
 r - a potion of mutation {unknown}
 s - 5 potions of flight {unknown}
 t - a potion of ambrosia {unknown}
 x - a potion of brilliance {unknown}
 z - a potion of cancellation {unknown}
Comestibles
 d - 21 rations


   Skills:
 + Level 7.0 Dodging
 - Level 3.0 Stealth
 - Level 3.0 Shields
 + Level 8.8 Spellcasting
 * Level 12.4 Conjurations
   Level 1.0 Summonings
 - Level 1.0 Translocations
 + Level 9.6 Invocations


You had 19 spell levels left.
You knew the following spells:

 Your Spells              Type           Power        Failure   Level  Hunger
a - Magic Dart            Conj           ####         0%          1    None
b - Blink                 Tloc           N/A          2%          2    None
c - Conjure Flame         Conj/Fire      ######..     1%          3    None
d - Mephitic Cloud        Conj/Pois/Air  #####...     1%          3    None

Your spell library contained the following spells:

 Spells                   Type           Power        Failure   Level  Hunger
 Call Imp                 Summ           ####....     2%          2    None
 Slow                     Hex            ###.....     3%          2    None


Dungeon Overview and Level Annotations

Branches:
Dungeon (9/15)             Temple (0/1) D:7            Lair (4/6) D:9
 Spider (0/4) Lair:2
  Swamp: Lair:2-4    Shoals: Lair:2-4       Orc: D:9-12

Altars:
Ashenzari
Cheibriados
Dithmenos
Fedhas
Gozag
Hepliaklqana
Nemelex Xobeh
Ru
Sif Muna
Vehumet
Xom

Shops:
D:5 (*   D:6 %   D:8 =

Annotations:
D:4 Eustachio


Innate Abilities, Weirdness & Mutations

You cannot wear boots.
Your serpentine skin is tough. (AC +4)
You have supernaturally acute eyesight. (SInv)
Armour fits poorly on your strangely shaped body.
Your system is resistant to poisons. (rPois)
You cover ground very slowly.
You have a slow metabolism.
You can spit poison.


Message History

You completely miss the swamp worm.
The swamp worm is moderately wounded.
The swamp worm misses you.
You riposte.
You hit the swamp worm. You freeze the swamp worm.
The swamp worm is moderately wounded.
Casting: Mephitic Cloud (safe; 1% risk of failure)
Confirm with . or Enter, or press ? or * to list all spells.
You cannot blink because you are wielding the +1 long sword of Inquiry {freeze, -Tele +Fly rF+ rC++}.
The swamp worm seems less confused.
The swamp worm throws harpoon shot at you.
The harpoon shot hits you.
* * * LOW HITPOINT WARNING * * *
You are yanked forward by the harpoon shot.
Splash!
You fall into the shallow water.
Moving in this stuff is going to be slow.
The swamp worm closely misses you. The swamp worm bites you!!
* * * LOW HITPOINT WARNING * * *
The swamp worm bites you.
You die...

...#...........
...##.P.##..#
....#.."...##
...##.P.>..P#
....#......##
#####.......# ###
#........##..
##PP....#...♣♣♣♣♣♣♣ ♣♣♣♣
#P.......♣♣♣@w≈≈≈♣≈≈≈≈♣
##.......⌠...♣.........♣
#.#......⌠.....♣.♣...♣...
##.###....♣♣♣≈≈≈≈≈♣≈≈≈≈≈≈
### ##.#...♣♣♣♣♣♣♣♣♣♣♣♣♣
#####......♣ ##.#..##
######


You could see a swamp worm.

Vanquished Creatures
  Erica (Lair:2)
  A cyclops (D:8)
  5 spiny frogs
  A black mamba (Lair:2)
  2 komodo dragons
  A troll (D:9)
  A polar bear (Lair:3)
  Prince Ribbit (D:5)
  6 hippogriffs
  2 bog bodies (Lair:4)
  Grinder (D:4)
  33 yaks
  4 wyverns
  A swamp worm (Lair:4)
  2 porcupines (Lair:1)
  10 water moccasins
  2 orc warriors
  A sky beast (D:7)
  Duvessa (D:7)
  2 black bears
  An ice beast (D:5)
  5 phantoms
  3 ogres
  3 necrophages (D:8)
  2 centaurs
  10 wolves
  2 crocodiles
  A wyvern zombie (D:7)
  12 bullfrogs
  A scorpion (D:6)
  Dowan (D:7)
  4 wights (D:6)
  3 crimson imps
  2 centaur zombies
  A quasit (D:8)
  8 orc wizards
  3 jellies (D:8)
  8 orc priests
  3 hounds
  2 bullfrog skeletons
  2 iguanas
  7 worker ants
  2 killer bee zombies
  A hound zombie (D:8)
  A hound skeleton (D:6)
  A worker ant zombie (D:7)
  3 gnolls (D:3)
  8 adders
  A shadow imp (D:6)
  7 oozes
  3 adder skeletons
  5 worms
  3 dart slugs
  4 leopard geckos
  47 orcs
  8 bats
  7 giant cockroaches
  8 goblins
  5 hobgoblins
  18 jackals
  A quokka (D:8)
  A ball python (D:2)
  5 frilled lizards
  5 kobolds
  A leopard gecko skeleton (D:4)
  2 quokka skeletons
  2 quokka zombies
  7 rats
318 creatures vanquished.

Vanquished Creatures (others)
  A bush (Lair:2)
  5 fungi
  A plant (Lair:1)
7 creatures vanquished.

Grand Total: 325 creatures vanquished

Notes
Turn   | Place    | Note
-------+----------+-------------------------------------------
     0 | D:1      | Ivernyr the Naga Wizard began the quest for the Orb.
     0 | D:1      | Reached XP level 1. HP: 15/15 MP: 4/4
   203 | D:1      | Reached XP level 2. HP: 22/22 MP: 6/6
   208 | D:1      | Learned a level 2 spell: Blink
   401 | D:1      | Reached skill level 2 in Conjurations
   453 | D:1      | Reached XP level 3. HP: 28/28 MP: 3/7
  1033 | D:2      | Reached XP level 4. HP: 36/36 MP: 5/9
  1070 | D:2      | Found a snail-covered altar of Cheibriados.
  1110 | D:2      | Became a worshipper of Cheibriados the Contemplative
  1133 | D:2      | Reached skill level 3 in Conjurations
  1156 | D:2      | Learned a level 3 spell: Conjure Flame
  1160 | D:2      | Learned a level 3 spell: Mephitic Cloud
  1748 | D:3      | Found a sparkling altar of Nemelex Xobeh.
  1859 | D:3      | Reached * piety under Cheibriados
  1859 | D:3      | Reached skill level 1 in Invocations
  1859 | D:3      | Reached XP level 5. HP: 32/42 MP: 6/10
  2374 | D:3      | Found a deep blue altar of Sif Muna.
  2827 | D:4      | Noticed Eustachio
  2833 | D:4      | Noticed a phantom
  3130 | D:4      | Noticed Grinder
  3171 | D:4      | Paralysed by Grinder for 7 turns
  3190 | D:4      | Killed Grinder
  3190 | D:4      | Reached skill level 1 in Shields
  3190 | D:4      | Reached skill level 4 in Conjurations
  3190 | D:4      | Reached XP level 6. HP: 41/49 MP: 1/12
  3389 | D:4      | Found a shimmering altar of Xom.
  3460 | D:4      | Reached XP level 7. HP: 55/55 MP: 9/13
  3493 | D:4      | Reached ** piety under Cheibriados
  4088 | D:4      | Reached skill level 5 in Conjurations
  4411 | D:5      | Entered Level 5 of the Dungeon
  4411 | D:5      | Found an opulent altar of Gozag.
  4412 | D:5      | Found Humnis's Antique Weapon Emporium.
  4412 | D:5      | Noticed Prince Ribbit
  4428 | D:5      | Killed Prince Ribbit
  4684 | D:5      | Bought a shimmering long sword for 170 gold pieces
  4684 | D:5      | Identified the cursed +1 long sword of Inquiry {freeze,
                  | -Tele +Fly rF+ rC++} (You bought it in a shop on level 5 of
                  | the Dungeon)
  4688 | D:5      | Found Gozag's Platinum Reserve.
  4702 | D:5      | Reached XP level 8. HP: 49/62 MP: 9/15
  5035 | D:5      | Found a hazy altar of Hepliaklqana.
  5092 | D:4      | Reached skill level 6 in Conjurations
  6150 | D:6      | Reached skill level 5 in Spellcasting
  6153 | D:6      | Reached *** piety under Cheibriados
  6274 | D:6      | Found a radiant altar of Vehumet.
  6738 | D:6      | Found Yrhado's Food Boutique.
  7128 | D:6      | Reached skill level 7 in Conjurations
  7368 | D:6      | Reached XP level 9. HP: 68/68 MP: 2/17
  7711 | D:6      | Reached skill level 5 in Invocations
  7855 | D:6      | Reached **** piety under Cheibriados
  8054 | D:6      | You fall through a shaft!
  8094 | D:7      | Found a staircase to the Ecumenical Temple.
  8426 | D:7      | Reached skill level 8 in Conjurations
  8703 | D:7      | Found a shattered altar of Ashenzari.
  8734 | D:7      | Found a shadowy altar of Dithmenos.
  8954 | D:7      | Noticed Dowan
  8956 | D:7      | Noticed Duvessa
  8971 | D:7      | Killed Dowan
  9056 | D:7      | Killed Duvessa
  9641 | D:8      | Reached ***** piety under Cheibriados
  9681 | D:8      | Noticed a cyclops
  9990 | D:8      | Killed a cyclops
  9990 | D:8      | Reached skill level 9 in Conjurations
  9990 | D:8      | Reached XP level 10. HP: 73/75 MP: 14/19
 10317 | D:8      | Found Tysoefoz's Jewellery Emporium.
 11331 | D:9      | Found a blossoming altar of Fedhas.
 11545 | D:9      | Found a staircase to the Lair.
 11741 | D:9      | Found a sacrificial altar of Ru.
 12515 | D:9      | Reached skill level 5 in Dodging
 12585 | Lair:1   | Entered Level 1 of the Lair of Beasts
 12604 | Lair:1   | Reached skill level 10 in Conjurations
 12942 | Lair:1   | Noticed a spiny frog
 13255 | Lair:1   | Noticed a spiny frog
 13260 | Lair:1   | Upgraded the game from 0.23.0 to 0.23.0-2-g0fe3ce5905
 13267 | Lair:1   | Killed a spiny frog
 13267 | Lair:1   | Reached XP level 11. HP: 74/81 MP: 15/22
 13706 | Lair:1   | Reached skill level 11 in Conjurations
 15802 | Lair:2   | Reached XP level 12. HP: 29/88 MP: 11/24
 16095 | Lair:2   | Noticed Erica
 16104 | Lair:2   | Reached ****** piety under Cheibriados
 16104 | Lair:2   | Reached skill level 12 in Conjurations
 16110 | Lair:2   | Killed Erica
 16406 | Lair:2   | Found a hole to the Spider Nest.
 17719 | Lair:4   | Noticed a seven-headed hydra
 17946 | Lair:4   | HP: 2/88 [swamp worm (21)]
 17946 | Lair:4   | Slain by a swamp worm

Skill      XL: |  1  2  3  4  5  6  7  8  9 10 11 12 |
---------------+-------------------------------------+-----
Conjurations   | 2 3 4 5 7 9 10 11 12 | 12.4
Dodging        | 2 3 4 5 6 7 |  7.0
Invocations    | 1 2 3 4 6 7 9 |  9.6
Shields        | 1 2 3 |  3.0
Spellcasting   | 4 5 6 7 8 |  8.8
Stealth        | |  3.0
Summonings     | |  1.0
Translocations | |  1.0

Action                   |  1- 3 |  4- 6 |  7- 9 | 10-12 || total
-------------------------+-------+-------+-------+-------++-------
Melee: Unarmed           |     5 |       |       |       ||     5
       Spear             |       |    34 |    50 |       ||    84
       Long sword        |       |       |   178 |   196 ||   374
       Mace              |       |       |    33 |    46 ||    79
       Scimitar          |       |       |       |    18 ||    18
 Cast: Magic Dart        |    41 |    48 |   210 |   194 ||   493
       Conjure Flame     |       |     7 |    15 |    43 ||    65
       Mephitic Cloud    |       |       |    15 |    20 ||    35
       Blink             |       |       |       |     6 ||     6
Invok: Bend Time         |       |     1 |     2 |     2 ||     5
       Step From Time    |       |       |       |     2 ||     2
       Slouch            |       |       |       |     1 ||     1
 Abil: Spit Poison       |    24 |    34 |    51 |    40 ||   149
  Use: Potion            |       |     2 |       |     1 ||     3
       Scroll            |       |       |     9 |     4 ||    13
 Stab: Sleeping          |       |     1 |     3 |       ||     4
       Confused          |       |       |    18 |    18 ||    36
  Eat: Chunk             |     1 |     8 |    13 |    16 ||    38
       Ration            |       |       |       |     1 ||     1
Armor: Robe              |     1 |    19 |   125 |    41 ||   186
Dodge: Dodged            |     9 |    22 |   189 |   204 ||   424
Block: Buckler           |       |       |    48 |    75 ||   123
       Rpst.: Long sword |       |       |    44 |    58 ||   102
       Scimitar          |       |       |       |     2 ||     2
